 Dungeon Crawl Stone Soup version 0.28.0-53-g5a82cb258f (webtiles) character file.

Game seed: 16918776613453945235

2513 issech the Protected (level 9, 0/67 HPs)
             Began as a Minotaur Monk on June 5, 2022.
             Was a Believer of Hepliaklqana.
             Killed from afar by Harold (25 damage)
             ... with a bolt of acid
             ... on level 7 of the Dungeon on June 6, 2022.
             The game lasted 00:33:09 (8298 turns).

issech the Protected (Minotaur Monk)                Turns: 8298, Time: 00:33:10

Health: 0/67       AC: 14    Str: 24    XL:     9   Next: 29%
Magic:  8/8        EV: 10    Int:  7    God:    Hepliaklqana [**....]
Gold:   866        SH: 10    Dex: 18    Spells: 8/8 levels left

rFire   x . .      SeeInvis .   o - +2 dagger (venom)
rCold   . . .      Faith    .   I - +0 buckler
rNeg    + + +      Spirit   .   n - +1 chain mail of Nemelex Xobeh's Favour {Contam rF- rN+++ Str+9}
rPois   .          Reflect  +   (helmet restricted)
rElec   .          Harm     .   (no cloak)
rCorr   .          Rampage  .   r - +0 pair of gloves
Will    +....                   s - +0 pair of boots
Stlth   ..........              K - amulet of reflection
HPRegen 0.21/turn               A - ring of willpower
MPRegen 0.11/turn               (no ring)

@: no status effects
A: reduced essence, horns 2, retaliatory headbutt
a: Renounce Religion, Recall Ancestor, Ancestor Identity


You were on level 7 of the Dungeon.
You worshipped Hepliaklqana.
Hepliaklqana was pleased with you.
You visited 2 branches of the dungeon, and saw 8 of its levels.
You also visited: Ossuary.

You collected 866 gold pieces.

Inventory:

Hand Weapons
 c - a +1 spear of flaming
 o - a +2 dagger of venom (weapon)
 y - a +0 hand axe of electrocution
 J - a +4 dagger
 N - a +2 battleaxe of flaming
 P - a +1 vorpal flail
 R - a +0 long sword
Missiles
 g - 71 sling bullets
 i - 2 boomerangs of dispersal
 j - 126 stones (quivered)
 l - 74 arrows
 q - 2 datura-tipped darts
Armour
 m - a +0 plate armour
 n - the +1 chain mail of Nemelex Xobeh's Favour (worn) {Contam rF- rN+++ Str+9}
   (You found it on level 2 of the Dungeon)

   Str:       It affects your strength (+9).
   rF:        It makes you vulnerable to fire.
   rN:        It renders you almost immune to negative energy.
   Contam:    It causes magical contamination when unequipped.
 r - a +0 pair of gloves (worn)
 s - a +0 pair of boots (worn)
 I - a +0 buckler (worn)
Magical Staves
 H - a staff of air
Jewellery
 A - a ring of willpower (left hand)
 K - an amulet of reflection (around neck)
 Q - a ring of fire
Wands
 B - a wand of iceblast (7)
Scrolls
 a - a scroll of blinking {unknown}
 b - 3 scrolls of enchant weapon
 f - 2 scrolls of amnesia
 h - 4 scrolls of noise
 p - a scroll of vulnerability
 u - 5 scrolls of fog
 x - a scroll of brand weapon {unknown}
 z - 3 scrolls of teleportation {unknown}
 E - a scroll of enchant armour {unknown}
 F - a scroll of magic mapping
 G - a scroll of summoning {unknown}
Potions
 e - 6 potions of curing {unknown}
 k - a potion of lignification {unknown}
 t - a potion of brilliance {unknown}
 v - 4 potions of haste {unknown}
 w - a potion of flight {unknown}
 C - a potion of mutation {unknown}
 D - a potion of heal wounds {unknown}
 L - a potion of attraction {unknown}
 M - 2 potions of might {unknown}
 O - a potion of berserk rage {unknown}


   Skills:
 + Level 5.9 Fighting
 + Level 7.8 Short Blades
 + Level 5.5 Axes
 + Level 2.0 Throwing
 + Level 8.4 Armour
 + Level 4.8 Dodging
 + Level 1.9 Stealth
 + Level 3.3 Shields


You had 8 spell levels left.
You didn't know any spells.
Your spell library contained the following spells:

 Spells                   Type           Power      Damage    Failure   Level
 Animate Skeleton         Necr           0%         N/A       98%         1
 Pain                     Necr           0%         1d4       98%         1
 Summon Small Mammal      Summ           0%         N/A       98%         1
 Call Imp                 Summ           0%         N/A       99%         2
 Sublimation of Blood     Necr           0%         N/A       99%         2
 Wereblood                Tmut           0%         N/A       99%         2
 Conjure Flame            Conj/Fire      0%         6-21      100%        3
 Ignite Poison            Fire/Tmut/Pois 0%         N/A       100%        3
 Vampiric Draining        Necr           0%         2d6       100%        3
 Animate Dead             Necr           0%         N/A       100%        4
 Passage of Golubria      Tloc           0%         N/A       100%        4
 Sticky Flame             Conj/Fire      0%         2d3       100%        4
 Silence                  Hex/Air        0%         N/A       100%        5
 Monstrous Menagerie      Summ           0%         N/A       100%        7
 Summon Hydra             Summ           0%         N/A       100%        7
 Lehudib's Crystal Spear  Conj/Erth      0%         10d2      100%        8


Dungeon Overview and Level Annotations

Branches:
Dungeon (7/15)             Temple (1/1) D:6         Ossuary (visited)

Altars:
Ashenzari
Cheibriados
Dithmenos
Elyvilon
Fedhas
Gozag
Hepliaklqana
Kikubaaqudgha
Makhleb
Nemelex Xobeh
Okawaru
Qazlal
Ru
Sif Muna
Trog
Uskayaw
Vehumet
Wu Jian
Xom
Yredelemnul
Zin
The Shining One

Shops:
D:3 *[::

Annotations:
D:7 Harold


Innate Abilities, Weirdness & Mutations

Your life essence is reduced to manifest your ancestor. (-10% HP)
You have a pair of horns on your head.
You reflexively headbutt those who attack you in melee.


Message History

The orc is severely wounded.
The orc hits you but does no damage.
You hit the orc.
The orc is poisoned.
You headbutt the orc.
You kill the orc!
Things that are here:
a +0 mace; a scroll labelled SAWUTW KYNLOR; an orc corpse The orc priest hits you but does no damage.
You hit the orc priest.
The orc priest is poisoned.
The orc priest is lightly wounded.
You block the orc priest's attack.
Artakama hits the orc priest with a +0 quarterstaff!
The orc priest dies!
a - a scroll labelled SAWUTW KYNLOR
Things that are here:
a +0 mace; an orc corpse
Things that are here:
a +0 halberd; a +0 leather armour You see here a yak corpse.
There is a stone staircase leading up here.
You climb upwards.
There is a stone staircase leading down here.
You start resting.
HP restored.
You climb downwards.
Level annotation: Harold
There is a stone staircase leading up here.
You swap places.
Things that are here:
a +0 ring mail; a +0 whip Harold shouts!
The orc shouts!
Harold fires a harpoon shot at you. The harpoon shot hits you!
You are yanked forward by the harpoon shot.
Found a stone staircase leading down.
Harold zaps a wand.
The bolt of acid hits you!! You block Harold's attack.
You swap places.
Harold zaps a wand.
The bolt of acid hits Artakama!
The acid corrodes Artakama!
The bolt of acid hits you!!
You die...

#............#
#............#######
#[...........#@...@#
#####........#@###.#
#.....)..#o.<#.# ##
####.#†..#####o@......
#[)...#............
#######[##.####..)....
..........@...........
......#..#.#R...###.##
...##.##.#.#.@..(.#.#
.. . ......o.....># .#
##.#.#......#. .#
..#.#......# #.
.....#......#
#######......#
#.......


You could see the friendly Artakama the battlemage (corroded) and Harold (ally
target).

Vanquished Creatures
  A yak (D:7)
  Menkaure (Ossuary)
  An orc warrior (D:6)
  An ogre (D:5)
  Blork the orc (D:5)
  A gnoll sergeant (D:4)
  2 scorpions
  A troll zombie (Ossuary)
  A water moccasin skeleton (D:5)
  3 centaur zombies
  A jelly (D:4)
  2 bullfrog zombies (D:5)
  An orc priest (D:5)
  2 centaur skeletons
  2 hounds
  Ijyb (D:3)
  2 iguanas (D:5)
  2 orc wizards
  2 ogre zombies (Ossuary)
  6 mummies (Ossuary)
  A hound skeleton (D:5)
  A howler monkey zombie (D:5)
  A howler monkey skeleton (D:4)
  8 gnolls
  3 adders
  A white imp (D:6)
  3 ufetubi
  An adder skeleton (D:4)
  3 adder zombies (Ossuary)
  3 worms (D:2)
  5 dart slugs
  7 orcs
  5 ball pythons (D:1)
  6 bats
  3 endoplasms
  3 giant cockroaches (D:1)
  2 goblins
  8 hobgoblins
  3 jackals (D:2)
  10 kobolds
  2 quokkas
  3 frilled lizards
  7 goblin zombies (Ossuary)
  2 hobgoblin zombies (Ossuary)
  7 kobold zombies (Ossuary)
  6 quokka zombies
  3 rats
  2 rat zombies
143 creatures vanquished.

Vanquished Creatures (collateral kills)
  2 yaks (D:7)
  2 vampire mosquitoes (D:7)
  A water moccasin (D:6)
  An ice beast (D:6)
  A hound (D:6)
  2 orc priests (D:7)
  An orc wizard (D:6)
  2 adders (D:6)
  2 orcs (D:6)
14 creatures vanquished.

Vanquished Creatures (others)
  A battlemage (D:7)
  2 fungi (D:2)
  7 plants (D:2)
10 creatures vanquished.

Grand Total: 167 creatures vanquished

Notes
Turn   | Place    | Note
-------+----------+-------------------------------------------
     0 | D:1      | issech the Minotaur Monk began the quest for the Orb.
     0 | D:1      | Reached XP level 1. HP: 19/19 MP: 0/0
   467 | D:1      | Reached XP level 2. HP: 27/27 MP: 1/1
   968 | D:1      | Reached XP level 3. HP: 29/33 MP: 2/2
  1546 | D:2      | Identified the +1 chain mail of Nemelex Xobeh's Favour
                  | {Contam rF- rN+++ Str+9}
  1661 | D:2      | Reached skill level 1 in Armour
  1661 | D:2      | Reached XP level 4. HP: 38/40 MP: 3/3
  1945 | D:2      | Found a faded altar of an unknown god.
  2099 | D:2      | Reached skill level 5 in Axes
  2463 | D:3      | Found Muaqaf's Armour Emporium.
  2520 | D:3      | Found Adaestro's Book Shop.
  2745 | D:3      | Found Buefaasa's Assorted Antiques.
  3032 | D:3      | Noticed Ijyb
  3042 | D:3      | Killed Ijyb
  3043 | D:3      | Reached XP level 5. HP: 46/46 MP: 4/4
  3176 | D:3      | Found Qomimir's Book Shoppe.
  3316 | D:4      | Got the Grimoire of Supportive Dark Arts
  3330 | D:4      | Found a sand-covered staircase.
  3338 | Ossuary  | Entered an ossuary
  3377 | Ossuary  | Reached skill level 1 in Short Blades
  3493 | Ossuary  | Reached skill level 2 in Armour
  3914 | Ossuary  | Reached XP level 6. HP: 10/53 MP: 5/5
  4269 | Ossuary  | Noticed Menkaure
  4285 | Ossuary  | Killed Menkaure
  4286 | Ossuary  | Reached skill level 1 in Throwing
  4286 | Ossuary  | Reached skill level 3 in Armour
  4379 | Ossuary  | Reached XP level 7. HP: 28/60 MP: 6/6
  4975 | D:4      | Identified a scroll of acquirement
  4976 | D:4      | Acquired 489 gold pieces
  5400 | D:5      | Entered Level 5 of the Dungeon
  5406 | D:5      | Reached skill level 4 in Armour
  5685 | D:4      | Reached skill level 5 in Short Blades
  5996 | D:5      | Reached skill level 5 in Fighting
  6027 | D:5      | Reached skill level 5 in Armour
  6064 | D:5      | Reached XP level 8. HP: 50/68 MP: 7/7
  6273 | D:5      | Reached skill level 6 in Armour
  6504 | D:5      | Found a stormy altar of Qazlal.
  6510 | D:5      | Noticed Blork the orc
  6518 | D:5      | Killed Blork the orc
  6736 | D:6      | Found a staircase to the Ecumenical Temple.
  6798 | Temple   | Entered the Ecumenical Temple
  7114 | Temple   | Became a worshipper of Hepliaklqana the Forgotten
  7114 | Temple   | Reached * piety under Hepliaklqana
  7114 | Temple   | Reached ** piety under Hepliaklqana
  7115 | Temple   | Remembered your ancestor Artakama as a battlemage
  7343 | D:6      | Reached skill level 1 in Shields
  7398 | D:6      | Reached skill level 7 in Armour
  7895 | D:7      | Noticed Harold
  8055 | D:7      | Reached XP level 9. HP: 58/67 MP: 8/8
  8058 | D:7      | Reached skill level 8 in Armour
  8298 | D:7      | Killed from afar by Harold

Illustrated notes

Levels and vault maps discovered:
D:1:      elethiomel_arrival_infinity_welcomes_careful_drivers, layout_basic
D:2:      layout_loops_cross, shapermc_ecumenical_altar_mp_urbaneastern
D:3:      layout_loops_ring, serial_shops, nicolae_shop_overgrown_old_shop,
          nicolae_lakefront_shop, nicolae_shop_waterfront, shop,
          grunt_ministairs_7, chequers_serial_rivers_micro_d, uniq_ijyb
D:4:      layout_basic, enter_ossuary_4
D:5:      layout_rooms, lemuel_tele_altar, uniq_blork_the_orc
D:6:      minmay_inner_zag, layout_cave_pools, temple_pool_b
D:7:      layout_basic, uniq_harold
Temple:   mainiacjoe_temple_circle_huts

Skill      XL: |  1  2  3  4  5  6  7  8  9 |
---------------+----------------------------+-----
Axes           | 4 5 |  5.5
Fighting       | 4 5 |  5.9
Armour         | 1 2 3 5 7 8 |  8.4
Dodging        | 4 |  4.8
Short Blades   | 2 4 5 7 |  7.8
Throwing       | 1 2 |  2.0
Shields        | 2 3 |  3.3
Stealth        | |  1.9

Action                   |  1- 3 |  4- 6 |  7- 9 || total
-------------------------+-------+-------+-------++-------
Melee: Hand axe          |    69 |     3 |       ||    72
       Headbutt          |    10 |    43 |    58 ||   111
       Dagger            |       |   180 |   227 ||   407
       Punch             |       |     4 |       ||     4
Throw: Boomerang         |       |    32 |       ||    32
       Stone             |       |     9 |     2 ||    11
Invok: Ancestor Life: Ba |       |       |     1 ||     1
  Use: Scroll            |       |     6 |     3 ||     9
Armor: Ring mail         |    11 |       |       ||    11
       Robe              |     4 |       |       ||     4
       Chain mail        |     3 |    74 |    96 ||   173
Dodge: Dodged            |    40 |    76 |    86 ||   202
Block: Buckler           |       |       |    41 ||    41
       Reflection        |       |       |     1 ||     1
